 Dungeon Crawl Stone Soup version 0.31.0-10-gcf4a605ca0 (webtiles) character file.

Game seed: 9014285542908069629

55787 Curundu the Severer (level 14, 0/193 HPs)
             Began as a Minotaur Berserker on Jan 26, 2024.
             Was an Elder of Trog.
             Succumbed to an orc warrior's poison
             ... on level 2 of the Orcish Mines.
             The game lasted 01:06:33 (18774 turns).

Curundu the Severer (Minotaur Berserker)           Turns: 18774, Time: 01:06:33

Health: 0/193      AC: 24    Str: 33    XL:     14   Next: 39%
Magic:  13/13      EV:  8    Int:  7    God:    Trog [****..]
Gold:   1516       SH: 19    Dex:  7    Spells: 13/13 levels left

rFire   . . .        x - +5 war axe of the Madman {heavy, rElec rPois Int+3 Dex-3}
rCold   . . .        m - +0 tower shield
rNeg    . . .        A - +0 plate armour
rPois   +            (helmet unavailable)
rElec   +            j - +1 cloak
rCorr   .            (no gloves)
SInv    .            n - +0 pair of boots
Will    +++..        y - amulet of reflection Stlth
                     q - ring of poison resistance
HPRegen 1.52/turn    I - +6 ring of strength
MPRegen 0.13/turn

%: reflection, clarity
@: berserking, lethally poisoned (0 -> -3), strong-willed, regenerating, very
quick
A: horns 3, retaliatory headbutt, iridescent scales 1, clarity
a: Renounce Religion, Berserk, Trog's Hand, Brothers in Arms


You were on level 2 of the Orcish Mines.
You worshipped Trog.
Trog was greatly pleased with you.
You visited 2 branches of the dungeon, and saw 17 of its levels.
You also visited: Bailey.

You collected 1516 gold pieces.

Inventory:

Hand Weapons
 x - the +5 war axe of the Madman (weapon) {heavy, rElec rPois Int+3 Dex-3}
   (You found it on level 6 of the Dungeon)

   Int+3:     It affects your intelligence (+3).
   Dex-3:     It affects your dexterity (-3).
   rElec:     It insulates you from electricity.
   rPois:     It protects you from poison
 C - a +1 war axe of flaming
Missiles
 b - 16 javelins
 s - 18 boomerangs (quivered)
 B - 2 throwing nets
Armour
 j - a +1 cloak (worn)
 m - a +0 tower shield (worn)
 n - a +0 pair of boots (worn)
 A - a +0 plate armour (worn)
Jewellery
 d - a ring of protection from fire
 h - an amulet of guardian spirit
 q - a ring of poison resistance (left hand)
 t - a +4 ring of protection
 y - an amulet of reflection (around neck)
 I - a +6 ring of strength (right hand)
 L - an amulet of the acrobat
Wands
 c - a wand of digging (7)
 i - a wand of roots (5)
 u - a wand of polymorph (9)
 E - a wand of flame (6)
 H - a wand of charming (9)
Scrolls
 e - 5 scrolls of enchant weapon
 f - 6 scrolls of fog
 g - a scroll of poison
 k - a scroll of immolation
 r - 4 scrolls of teleportation
 J - a scroll of vulnerability
 K - a scroll of summoning
 M - a scroll of torment {unknown}
Potions
 a - 2 potions of invisibility
 l - a potion of enlightenment
 o - a potion of haste
 p - 4 potions of curing
 v - a potion of magic
 w - a potion of resistance
 z - 2 potions of attraction
 D - 2 potions of might
 F - a potion of brilliance
 G - a potion of mutation


   Skills:
 + Level 13.2 Fighting
 + Level 17.8(18.1) Axes
 - Level 6.0(13.0) Polearms
 + Level 0.7 Throwing
 + Level 16.5 Armour
 * Level 6.4 Dodging
 - Level 1.5 Stealth
 * Level 10.2 Shields


You had 13 spell levels left.
You didn't know any spells.
Your spell library was empty.

Dungeon Overview and Level Annotations

Branches:
Dungeon (15/15)            Temple (0/1) D:4            Lair (0/5) D:9
    Orc (2/2) D:12         Vaults (0/5) D:13         Depths (0/4) D:15
 Bailey (visited)
    Elf: Orc:2

Altars:
Cheibriados
Elyvilon
Fedhas
Gozag
Makhleb
Nemelex Xobeh
Vehumet
Wu Jian
Xom
Yredelemnul

Shops:
D:10 *(*


Innate Abilities, Weirdness & Mutations

You have a pair of large horns on your head.
You reflexively headbutt those who attack you in melee.
You are partially covered in iridescent scales. (AC +2)
You possess an exceptional clarity of mind.


Message History

The orc warrior hits you from afar with a +3 halberd of venom!
* * * LOW HITPOINT WARNING * * *
You block the orc warrior's attack.
You barely miss the ogre.
The ogre is almost dead.
You slash the orc warrior! x2; You slice the orc warrior!!
You feel very sick.
The orc warrior hits you with a +0 mace!
* * * LOW HITPOINT WARNING * * *
You block the orc warrior's attack. x2
An orc warrior comes into view. It is wielding a +0 war axe.
The orc high priest starts to sing a prayer.
You block the orc warrior's attack. x2
You slash the ogre!
You kill the ogre!
Trog accepts your kill.
You slice the orc warrior!!
You kill the orc warrior!
Trog accepts your kill.
You closely miss the orc warrior.
You hit the orc warrior but do no damage.
You slash the orc warrior!
You kill the orc warrior!
Trog accepts your kill.
* * * LOW HITPOINT WARNING * * *
You feel very sick. You block the orc warrior's attack.
An orc warrior comes into view. It is wielding a +0 short sword.
You block the orc warrior's attack. x2
An orc warrior comes into view. It is wielding a +0 halberd.
You block the orc warrior's attack.
You chop the orc priest into pieces!!!
You kill the orc priest!
Trog accepts your kill.
You slash the orc warrior! x2
You feel the power of Trog in you as your rage grows.
You kill the orc warrior!
Trog accepts your kill.
The sentinel's mark upon you fades away.
You die...

.......#......
..........#.....
#........#.#....
#...........#...
#..#...........
##.#...........
##))$...........
##.)).)$)).......
####...$)o)@)oo....#
##.....o.#.$)o).o..##
##.....)..#....oo3...#
#.........#######o..##
##.....##.# .o...
###..##### ..#. ####
#....# ... ...###...##
o#. ...##...##


You could see an orc knight, a soul eater (summoned), an orc high priest
(strong), 7 orc warriors and an orc wizard (strong).

Vanquished Creatures
  The ghost of jestert79 the Blocker, an adept FoEE of Kikubaaqudgha (D:13)
  Snorg (D:10)
  Josephine (Orc:2)
  3 vault guards (D:13)
  3 hydras
  An ogre mage (D:15)
  Erica (D:10)
  5 boulder beetles
  4 centaur warriors
  6 tengu warriors
  5 two-headed ogres
  Urug (D:11)
  A sphinx skeleton (D:15)
  A vampire mage (D:14)
  2 skeletal warriors (D:15)
  Nergalle (D:12)
  A storm dragon zombie (D:15)
  A shadow wraith (D:13)
  A flayed ghost (D:13)
  An arcanist (D:15)
  Pikel (D:7)
  3 orc knights
  3 deep elf pyromancers
  A phantasmal warrior (D:13)
  A necromancer (D:15)
  8 ugly things
  6 cyclopes
  4 manticores
  2 kobold blastminers (Orc:1)
  4 slime creatures
  5 rime drakes (D:7)
  A komodo dragon (D:11)
  5 freezing wraiths
  3 trolls
  3 hornets
  Sigmund (D:4)
  2 shadows
  3 wyverns
  18 yaks
  A spriggan skeleton (D:15)
  7 wraiths
  A human (shapeshifter) (D:15)
  2 basilisks
  8 humans (D:13)
  Eustachio (D:4)
  14 vampire mosquitoes
  2 wargs
  3 two-headed ogre zombies (D:12)
  2 water moccasins
  3 acid dragons
  An ice beast (D:5)
  A sky beast (D:7)
  A black bear (D:6)
  2 laughing skulls (D:13)
  14 orc warriors
  7 ogres
  10 centaurs
  5 phantoms
  8 kobold brigands
  4 scorpions
  3 bullfrogs
  A gnoll sergeant (D:10)
  3 wights (D:7)
  A troll zombie (D:12)
  6 killer bees
  2 howler monkeys (D:9)
  2 jellies
  15 orc priests
  5 hounds
  2 gnoll boudas
  3 iguanas (D:9)
  7 orc wizards
  A sleepcap (D:6)
  4 ogre zombies (D:12)
  A boggart simulacrum (D:15)
  8 adders
  19 gnolls
  A shadow imp (D:6)
  2 white imps (D:6)
  2 dart slugs
  4 ribbon worms (D:2)
  49 orcs
  4 ball pythons
  5 endoplasms
  5 giant cockroaches
  4 gnoll zombies (D:12)
  11 goblins
  10 hobgoblins
  10 jackals
  3 quokkas
  3 bats
  2 frilled lizards (D:1)
  4 gnoll skeletons (D:12)
  28 kobolds
  2 orc skeletons (D:12)
  15 orc zombies (D:12)
  2 rats (D:1)
461 creatures vanquished.

Vanquished Creatures (others)
  A vault guard (D:13)
  A slime creature (D:14)
2 creatures vanquished.

Grand Total: 463 creatures vanquished

Notes
Turn   | Place    | Note
-------+----------+-------------------------------------------
     0 | D:1      | Curundu the Minotaur Berserker began the quest for the Orb.
     0 | D:1      | Reached XP level 1. HP: 19/19 MP: 0/0
   357 | D:1      | Reached XP level 2. HP: 27/27 MP: 1/1
   386 | D:1      | Reached skill level 4 in Axes
   895 | D:2      | You fall into a shaft and drop 1 floor!
   975 | D:3      | Reached ** piety under Trog
   976 | D:3      | Reached XP level 3. HP: 20/33 MP: 2/2
  1220 | D:3      | Reached XP level 4. HP: 37/41 MP: 3/3
  1311 | D:3      | Reached skill level 5 in Axes
  1340 | D:3      | Found a radiant altar of Vehumet.
  1529 | D:2      | Reached XP level 5. HP: 35/47 MP: 4/4
  1760 | D:2      | Found a faded altar of an unknown god.
  2605 | D:3      | Found a basalt altar of Yredelemnul.
  3403 | D:4      | Reached XP level 6. HP: 45/53 MP: 5/5
  3403 | D:4      | Noticed Eustachio
  3417 | D:4      | Killed Eustachio
  3418 | D:4      | Reached skill level 5 in Fighting
  3418 | D:4      | Reached skill level 6 in Axes
  3418 | D:4      | Reached skill level 5 in Armour
  3619 | D:4      | Found a staircase to the Ecumenical Temple.
  3799 | D:4      | Found a burning altar of Makhleb.
  3997 | D:4      | Reached *** piety under Trog
  4514 | D:4      | Noticed Sigmund
  4526 | D:4      | Killed Sigmund
  4527 | D:4      | Reached skill level 7 in Axes
  4527 | D:4      | Reached XP level 7. HP: 61/61 MP: 4/6
  4712 | D:5      | Entered Level 5 of the Dungeon
  4884 | D:5      | Found a white marble altar of Elyvilon.
  5368 | D:6      | Reached XP level 8. HP: 65/70 MP: 5/7
  5404 | D:6      | Reached skill level 8 in Axes
  5498 | D:6      | Reached skill level 1 in Polearms
  5610 | D:6      | Found a snail-covered altar of Cheibriados.
  5659 | D:6      | Identified the +5 war axe of the Madman {heavy, rElec rPois
                  | Int+3 Dex-3}
  6266 | D:7      | Noticed Pikel
  6277 | D:7      | Killed Pikel
  6278 | D:7      | Reached skill level 9 in Axes
  6278 | D:7      | Reached XP level 9. HP: 78/78 MP: 8/8
  6432 | D:7      | Found a flagged portal.
  6440 | Bailey   | Entered a bailey
  6487 | Bailey   | Reached skill level 5 in Polearms
  6583 | Bailey   | Found a burning altar of Makhleb.
  6599 | Bailey   | Identified the +1 robe of the Harvest {^Contam rC+ Will+
                  | Regen+}
  6847 | D:7      | Noticed a rime drake
  6900 | D:7      | Noticed a rime drake
  6900 | D:7      | Noticed a rime drake
  6900 | D:7      | Noticed a rime drake
  6900 | D:7      | Noticed a rime drake
  6900 | D:7      | Found the +4 skin of Zhor {*Englaciate rC+++ SInv}
  6943 | D:7      | Reached skill level 10 in Axes
  7021 | D:7      | Reached skill level 5 in Dodging
  7031 | D:7      | Reached skill level 11 in Axes
  7031 | D:7      | Reached XP level 10. HP: 66/88 MP: 5/9
  7139 | D:7      | Reached skill level 1 in Stealth
  7140 | D:7      | Reached skill level 10 in Armour
  7142 | D:7      | Reached skill level 12 in Axes
  7340 | D:7      | Found the +0 toga "Victory" {*Victory Clar}
  7527 | D:7      | Reached **** piety under Trog
  7666 | D:8      | Found an opulent altar of Gozag.
  7840 | D:8      | Found a blossoming altar of Fedhas.
  7918 | D:8      | Found a shimmering altar of Xom.
  8245 | D:9      | Paralysed by a hornet for 2 turns
  8477 | D:9      | Reached skill level 13 in Axes
  8782 | D:9      | Found an ornate altar of the Wu Jian Council.
  8808 | D:9      | Reached XP level 11. HP: 81/95 MP: 7/10
  8830 | D:9      | Found a staircase to the Lair.
  9352 | D:10     | Entered Level 10 of the Dungeon
  9394 | D:10     | Noticed Snorg
  9402 | D:10     | Killed Snorg
  9403 | D:10     | Reached skill level 14 in Axes
  9465 | D:10     | Found Jefua's Assorted Antiques.
  9799 | D:10     | Noticed Erica
  9808 | D:10     | Killed Erica
  9920 | D:10     | Noticed a five-headed hydra
  9930 | D:10     | Killed a five-headed hydra
 10053 | D:10     | Found Izxul's Assorted Antiques.
 10262 | D:10     | Found Qing's Antique Weapon Boutique.
 10680 | D:11     | Noticed Urug
 10693 | D:11     | Killed Urug
 10902 | D:11     | Noticed a boulder beetle
 10913 | D:11     | Killed a boulder beetle
 11047 | D:11     | Reached skill level 15 in Axes
 11167 | D:11     | Noticed a two-headed ogre
 11171 | D:11     | Killed a two-headed ogre
 11172 | D:11     | Reached skill level 10 in Fighting
 11398 | D:11     | Reached XP level 12. HP: 106/106 MP: 11/11
 11844 | D:12     | Found a staircase to the Orcish Mines.
 11846 | D:12     | Reached ***** piety under Trog
 11955 | D:12     | Noticed a boulder beetle
 11968 | D:12     | Killed a boulder beetle
 12026 | D:12     | Found a sparkling altar of Nemelex Xobeh.
 12030 | D:12     | Identified the +4 ring mail "Yfuzuon" {rC+ Stlth+}
 12055 | D:12     | Noticed Nergalle
 12067 | D:12     | Killed Nergalle
 12074 | D:12     | Reached skill level 16 in Axes
 12277 | D:12     | Noticed a boulder beetle
 12281 | D:12     | Killed a boulder beetle
 12634 | D:13     | Noticed a centaur warrior
 12636 | D:13     | Noticed a centaur warrior
 12645 | D:13     | Killed a centaur warrior
 12647 | D:13     | Killed a centaur warrior
 12738 | D:13     | Killed a vault guard
 13044 | D:13     | Noticed a six-headed hydra
 13058 | D:13     | Killed a six-headed hydra
 13173 | D:13     | Noticed a tengu warrior
 13183 | D:13     | Killed a tengu warrior
 13184 | D:13     | Reached skill level 17 in Axes
 13308 | D:13     | Found a runed translucent gate.
 13308 | D:13     | Found a runed translucent gate.
 13309 | D:13     | Found a runed translucent gate.
 13309 | D:13     | Noticed jestert79's ghost (adept FoEE)
 13376 | D:13     | Noticed a seven-headed hydra
 13386 | D:13     | Killed a seven-headed hydra
 13533 | D:13     | Noticed a vault guard
 13546 | D:13     | Killed a vault guard
 13547 | D:13     | Reached XP level 13. HP: 77/117 MP: 9/12
 13565 | D:13     | Reached skill level 15 in Armour
 13692 | D:13     | Found a gate to the Vaults.
 14085 | D:13     | Reached skill level 1 in Shields
 14086 | D:13     | Killed jestert79's ghost
 14197 | D:14     | Gained mutation: You have a pair of large horns on your
                  | head. [potion of mutation]
 14197 | D:14     | Gained mutation: You are partially covered in iridescent
                  | scales. (AC +2) [potion of mutation]
 14197 | D:14     | Gained mutation: You possess an exceptional clarity of
                  | mind. [potion of mutation]
 14546 | D:14     | Found a gate leading to a gauntlet.
 14732 | D:14     | Reached skill level 5 in Shields
 15637 | D:15     | Entered Level 15 of the Dungeon
 15950 | D:15     | Found a staircase to the Depths.
 16119 | D:15     | Reached XP level 14. HP: 41/126 MP: 13/13
 18370 | Orc:1    | Entered Level 1 of the Orcish Mines
 18681 | Orc:2    | Entered Level 2 of the Orcish Mines
 18704 | Orc:2    | Noticed Josephine
 18718 | Orc:2    | Killed Josephine
 18758 | Orc:2    | Reached skill level 10 in Shields
 18772 | Orc:2    | HP: 4/193 [orc warrior/+0 mace (15)]
 18774 | Orc:2    | Succumbed to an orc warrior's poison

Illustrated notes

Levels and vault maps discovered:
D:1:      ncdulo_halloftheorcs, layout_basic,
          wander_ebering_terrifying_dragon_lair
D:2:      layout_basic, shapermc_ecumenical_altar_venn,
          hangedman_decor_opposing, chequers_serial_rivers_marsh, minmay_between
D:3:      layout_basic, nicolae_vehumet_altar_sigil,
          mainiacjoe_overflow_six_doors_small, serial_bayou,
          serial_bayou_shore_a, serial_bayou_ford_a, serial_bayou_lake_a,
          serial_bayou_pond_d, serial_bayou_crossing, serial_bayou_shore_b,
          grunt_ministairs_2
D:4:      layout_layer_cave, kennysheep_mini, minmay_temple_entry_arrows,
          st_stairs_10, hangedman_abyss_or_decor_lesser_grid, uniq_sigmund,
          uniq_eustachio
D:5:      layout_loops_ring, nicolae_elyvilon_peaceful_grove
D:6:      layout_basic, mainiacjoe_overflow_small_starburst
D:7:      layout_loops_corners, enter_bailey_3, hellmonk_guarded_unrand_zhor,
          uniq_pikel
D:8:      layout_cave_pools, nicolae_overflow_hidden_temple,
          mainiacjoe_overflow_tiny_flanked, mainiacjoe_overflow_24_doors,
          nicolae_gozag_seed_capital
D:9:      layout_irregular_city, nzn_wu_jian_council_hall,
          minmay_lair_entry_grove, nicolae_water_bricks, minmay_microvault
D:10:     layout_grid_maze, serial_shops, shop, shop,
          nicolae_shop_window_shopping, uniq_snorg, uniq_erica
D:11:     layout_loops_ring, uniq_urug
D:12:     layout_basic, zombieorc2_lemuel, nemelex_xobeh_ov_fountains_minmay,
          uniq_nergalle
D:13:     layout_long_grid, ximxim_vaults_locker_room, gammafunk_ghost_spectres,
          evilmike_butchery
D:14:     layout_loops_cross, gauntlet_entry_generic
D:15:     gammafunk_depths_entry_grave, layout_basic, minmay_misc_feat_x
Orc:1:    layout_caves, basic_altar, lightli_orcish_oven
Orc:2:    st_orc_pillars, layout_diamond_mine, serial_shops, nicolae_shop_stone,
          ebering_ghost_xom, mines4_lemuel, uniq_josephine

Skill      XL: |  1  2  3  4  5  6  7  8  9 10 11 12 13 14 |
---------------+-------------------------------------------+-----
Axes           | 4 5 7 9 11 13 15 17 | 17.8
Fighting       | 4 5 6 7 8 10 11 13 | 13.2
Armour         | 3 4 6 7 8 9 11 13 14 16 | 16.5
Dodging        | 3 4 5 6 |  6.4
Polearms       | 4 5 6 |  6.0
Stealth        | 1 |  1.5
Shields        | 8 10 | 10.2
Throwing       | |  0.7

Action                     |  1- 3 |  4- 6 |  7- 9 | 10-12 | 13-15 || total
---------------------------+-------+-------+-------+-------+-------++-------
  Melee: Hand axe          |    62 |   124 |    34 |       |       ||   220
         Headbutt          |     8 |    19 |    27 |    74 |    53 ||   181
         Punch             |     1 |       |     2 |     3 |       ||     6
         Trident           |       |       |    43 |    38 |       ||    81
         War axe           |       |       |    68 |   354 |   272 ||   694
  Throw: Javelin           |       |       |       |     1 |     5 ||     6
         Boomerang         |       |       |       |       |     5 ||     5
 Invoke: Trog's Hand       |       |     5 |     4 |    12 |    10 ||    31
         Berserk           |       |     3 |     2 |     5 |     7 ||    17
    Use: Scroll            |     3 |     5 |     3 |     8 |     5 ||    24
         Potion            |       |       |       |     1 |     3 ||     4
   Stab: Sleeping          |     1 |       |       |       |       ||     1
 Armour: Chain mail        |    50 |   126 |   134 |       |       ||   310
         Animal skin       |     3 |       |       |       |       ||     3
         Plate armour      |       |       |    22 |   476 |   259 ||   757
  Dodge: Dodged            |    28 |    82 |    91 |   188 |    71 ||   460
  Block: Tower shield      |       |       |       |       |   319 ||   319
         Reflection        |       |       |       |       |    19 ||    19
